 Dungeon Crawl Stone Soup version 0.30-a0-956-gcec3b41aec (webtiles) character file.

Game seed: 18316696096151624340

704 GigaChad the Chopper (level 7, -10/61 HPs)
             Began as a Minotaur Fighter on Mar 30, 2023.
             Killed from afar by a gargoyle (14 damage)
             ... with a stone arrow
             ... on level 5 of the Dungeon.
             The game lasted 00:06:35 (3565 turns).

GigaChad the Chopper (Minotaur Fighter)             Turns: 3565, Time: 00:06:36

Health: -10/61     AC: 17    Str: 23    XL:     7   Next: 39%
Magic:  6/6        EV:  8    Int:  5    God:
Gold:   247        SH:  5    Dex: 15    Spells: 6/6 levels left

rFire   . . .      SeeInvis .    a - +0 war axe
rCold   . . .      Faith    .    c - +0 buckler
rNeg    . . .      Spirit   .    h - +0 chain mail
rPois   .          Reflect  .    (helmet restricted)
rElec   .          Rampage  .    q - +2 cloak
rCorr   .                        (no gloves)
Will    .....                    (no boots) Stlth
                                 (no amulet)
HPRegen 0.30/turn                o - +4 ring of protection
MPRegen 0.10/turn                B - +6 ring of dexterity

@: slowed, very slow
A: horns 2, retaliatory headbutt
a: no special abilities


You were on level 5 of the Dungeon.
You visited 2 branches of the dungeon, and saw 6 of its levels.

You collected 247 gold pieces.

Inventory:

Hand Weapons
 a - a +0 war axe (weapon)
Missiles
 t - a throwing net (quivered)
Armour
 b - a +0 scale mail
 c - a +0 buckler (worn)
 h - a +0 chain mail (worn)
 q - a +2 cloak (worn)
Jewellery
 k - a ring of ice
 o - a +4 ring of protection (left hand)
 p - a ring of flight
 B - a +6 ring of dexterity (right hand)
Wands
 l - a wand of quicksilver (10)
 r - a wand of mindburst (8)
Scrolls
 f - 2 scrolls of poison
 m - 2 scrolls of fear {unknown}
 u - 2 scrolls of teleportation
 v - 2 scrolls of fog
 w - a scroll of identify
 y - a scroll of enchant weapon {unknown}
 z - a scroll of amnesia {unknown}
Potions
 d - a potion of might
 e - a potion of resistance
 g - a potion of berserk rage {unknown}
 i - a potion of haste {unknown}
 j - a potion of flight {unknown}
 n - 2 potions of curing {unknown}
 s - a potion of attraction {unknown}
 x - a potion of mutation {unknown}
 A - a potion of heal wounds {unknown}


   Skills:
 + Level 5.1 Fighting
 + Level 7.7 Axes
 + Level 5.4 Armour
 + Level 1.5 Dodging
 + Level 0.3 Stealth
 + Level 4.4 Shields


You had 6 spell levels left.
You didn't know any spells.
Your spell library contained the following spells:

 Spells                   Type           Power      Damage    Failure   Level
 Lesser Beckoning         Tloc           0%         N/A       100%        2
 Gell's Gravitas          Tloc           0%         N/A       100%        3
 Teleport Other           Tloc           0%         N/A       100%        3


Dungeon Overview and Level Annotations

Branches:
Dungeon (5/15)             Temple (1/1) D:4

Altars:
Ashenzari
Cheibriados
Dithmenos
Hepliaklqana
Kikubaaqudgha
Nemelex Xobeh
Uskayaw
Wu Jian
Xom
The Shining One

Shops:
D:1 :   D:3 *

Annotations:
D:3 1 transporter, sugarbear's ghost, amateur VSBe


Innate Abilities, Weirdness & Mutations

You have a pair of horns on your head.
You reflexively headbutt those who attack you in melee.


Message History

The gargoyle hurls a stone arrow at you.
The stone arrow misses you. The wraith hits you.
You hit the wraith but do no damage.
The wraith is moderately damaged.
You hit the gargoyle but do no damage. The wraith completely misses you.
The gargoyle barely misses you.
You hit the wraith but do no damage.
You headbutt the wraith, but do no damage.
The wraith is moderately damaged.
You hit the gargoyle but do no damage. You block the gargoyle's attack.
The wraith hits you.
* * * LOW HITPOINT WARNING * * *
The wraith drains your vigour!
You feel yourself slow down. The wraith completely misses you.
You block the gargoyle's attack. The gargoyle hits you with a +0 flail!
* * * LOW HITPOINT WARNING * * *
The wraith barely misses you.
You barely miss the gargoyle.
You headbutt the gargoyle, but do no damage.
You closely miss the wraith. The gargoyle hits you with a +0 flail.
* * * LOW HITPOINT WARNING * * *
The wraith closely misses you.
The gargoyle hits you but does no damage.
The wraith closely misses you. The wraith hits you but does no damage.
The gargoyle barely misses you.
You slash the wraith!
The wraith is heavily damaged.
You hit the gargoyle but do no damage. The gargoyle misses you.
The wraith barely misses you. The gargoyle hits you with a +0 flail.
* * * LOW HITPOINT WARNING * * *
You block the wraith's attack.
You closely miss the wraith.
You headbutt the wraith, but do no damage.
The wraith is heavily damaged.
You barely miss the gargoyle. The gargoyle hits you with a +0 flail.
* * * LOW HITPOINT WARNING * * *
You block the wraith's attack.
The gargoyle hurls a stone arrow at you.
The stone arrow hits you!
You die...

##..#.....#.#.....#....#.........
..........#...#.##..#..###...#.#.
.†###.###.##.##.....#..# #.......
..# #.# #.............####...#.#.
..###+###...>..............<..#..
....'_'................##....#.#.
..#######..............##........
>.# ### #...............##.......
#.#######.......@................
#...........####W9####...##......
.....#.....##,......,##...##....#
..#..#....##..........##.........
.##......##............##........
##.##...##..............##.......
.......##,..............,##......
#......#,,..............,,#......
#......#,,,,,,,,,,,,,,,,,,#.#.#..


You could see a wraith and a gargoyle.

Vanquished Creatures
  An orc warrior (D:4)
  2 ogres
  A scorpion (D:5)
  An orc priest (D:4)
  Jessica (D:3)
  Ijyb (D:3)
  Robin (D:2)
  8 adders
  3 gnolls (D:4)
  2 river rats (D:3)
  4 worms
  5 dart slugs
  16 orcs
  7 bats
  5 endoplasms
  7 giant cockroaches
  15 goblins
  9 hobgoblins
  12 jackals
  A quokka (D:4)
  11 ball pythons
  4 frilled lizards
  8 kobolds
  7 rats
132 creatures vanquished.

Notes
Turn   | Place    | Note
-------+----------+-------------------------------------------
     0 | D:1      | GigaChad the Minotaur Fighter began the quest for the Orb.
     0 | D:1      | Reached XP level 1. HP: 19/19 MP: 0/0
    41 | D:1      | Found Jomenyeb's Book Boutique.
   108 | D:1      | Reached XP level 2. HP: 27/27 MP: 1/1
   215 | D:1      | Reached XP level 3. HP: 28/33 MP: 2/2
   218 | D:1      | Reached skill level 3 in Axes
   684 | D:2      | Noticed Robin
   692 | D:2      | Reached XP level 4. HP: 26/40 MP: 3/3
   698 | D:2      | Killed Robin
   699 | D:2      | Reached skill level 4 in Axes
   774 | D:2      | Reached skill level 1 in Dodging
   796 | D:2      | Found a faded altar of an unknown god.
  1214 | D:2      | Identified the +5 short sword "Tapyniz" {chaos, rC+ Dex+2}
  1478 | D:3      | Found Raadous's Assorted Antiques.
  1728 | D:3      | Noticed Jessica
  1738 | D:3      | Killed Jessica
  1739 | D:3      | Reached skill level 5 in Axes
  1739 | D:3      | Reached XP level 5. HP: 36/46 MP: 4/4
  1823 | D:3      | Noticed sugarbear's ghost (amateur VSBe)
  1824 | D:3      | Found a transporter.
  1824 | D:3      | Noticed an ogre
  1825 | D:3      | Noticed an ogre
  1859 | D:3      | Found a hide-covered altar of Uskayaw.
  2035 | D:3      | Noticed Ijyb
  2041 | D:3      | Killed Ijyb
  2186 | D:3      | Found a faded altar of an unknown god.
  2190 | D:3      | Found a sparkling altar of Nemelex Xobeh.
  2275 | D:3      | Noticed an ogre
  2283 | D:3      | Killed an ogre
  2284 | D:3      | Reached skill level 6 in Axes
  2284 | D:3      | Reached XP level 6. HP: 32/53 MP: 5/5
  2641 | D:4      | Noticed an orc warrior
  2651 | D:4      | Killed an orc warrior
  2652 | D:4      | Reached skill level 7 in Axes
  2652 | D:4      | Reached skill level 5 in Armour
  2855 | D:4      | Found a staircase to the Ecumenical Temple.
  2874 | Temple   | Entered the Ecumenical Temple
  3233 | D:5      | Entered Level 5 of the Dungeon
  3240 | D:5      | Reached XP level 7. HP: 57/60 MP: 6/6
  3418 | D:5      | Reached skill level 5 in Fighting
  3428 | D:5      | Found an ornate altar of the Wu Jian Council.
  3476 | D:5      | Found an ancient bone altar of Kikubaaqudgha.
  3550 | D:5      | Noticed a gargoyle
  3550 | D:5      | Noticed a wraith
  3565 | D:5      | Killed from afar by a gargoyle

Illustrated notes

Levels and vault maps discovered:
D:1:      lightli_arrival_lavapool, layout_rooms, serial_shops, shop_statue
D:2:      layout_loops_ring, basic_ecumenical_altar, minmay_close_crescents,
          uniq_robin
D:3:      layout_loops_ring, nicolae_uskayaw_dance_hall,
          nicolae_overflow_ecumenical_swirl, gup_sewer_entry_bowl,
          gammafunk_ghost_smash, serial_shops,
          nicolae_shop_temple_entry_statues_fountains, uniq_jessica, uniq_ijyb
D:4:      layout_loops_ring, minmay_temple_entry_drinking_statues
D:5:      kennysheep_big_flooded_room, layout_cave_pools, lemuel_doored_altar,
          mainiacjoe_overflow_six_doors_small, chequers_serial_rivers_room_a,
          hangedman_decor_riveting
Temple:   nicolae_temple_stand_before_the_council

Skill      XL: |  1  2  3  4  5  6  7 |
---------------+----------------------+-----
Armour         | 4 5 |  5.4
Fighting       | 4 5 |  5.1
Axes           | 3 5 6 7 |  7.7
Shields        | 4 |  4.4
Dodging        | 1 |  1.5
Stealth        | |  0.3

Action                     |  1- 3 |  4- 6 |  7- 9 || total
---------------------------+-------+-------+-------++-------
  Melee: War axe           |    85 |   158 |    33 ||   276
         Headbutt          |     8 |    18 |     6 ||    32
    Use: Scroll            |       |     4 |     3 ||     7
 Armour: Scale mail        |    52 |    24 |       ||    76
         Chain mail        |       |    56 |    10 ||    66
  Dodge: Dodged            |    56 |    71 |    23 ||   150
  Block: Buckler           |    21 |    35 |    10 ||    66

Table legend: (Time is in decaauts)
 A = Elapsed time spent in this place.
 B = Non-inter-level travel time spent in this place.
 C = Inter-level travel time spent in this place.
 D = Time resting spent in this place.
 E = Time spent auto-exploring this place.
 F = Levels seen in this place.
 G = Mean time per level.
                   A        B        C        D        E       F      G
               +--------+--------+--------+--------+--------+-----+--------+
         Total |   3663 |   3516 |    147 |      0 |   2680 |   6 |  610.5 |
       Dungeon |   3641 |   3494 |    147 |      0 |   2680 |   5 |  728.2 |
        Temple |     21 |     21 |      0 |      0 |      0 |   1 |   21.0 |
               +--------+--------+--------+--------+--------+-----+--------+

Top non-repeatable levels by time:
     D:3: 1063 daAuts
     D:2: 1029 daAuts
     D:4: 727 daAuts
     D:1: 481 daAuts
     D:5: 340 daAuts
  Temple: 21 daAuts
